Map: Alcyone LE

Players

TMoneyKilla - Winner!

  • Race: Zerg Zerg
  • Spawn Location: 7:00

VOD

Have the link to the VOD?

Description

Time

  • Played on: Dec. 26, 2023, 2:44 a.m.
  • Length: 20:05
Show
View Real Time Build Order
Export as new Build Order

TMoneyKilla Zerg - Winner!

Build Orders:  

Get SALT Encoding   

  12  0:01  Drone  
  13  0:19  Drone  
  14  0:27  Overlord  
  14  0:52  Drone  
  14  0:53  Drone  
  16  1:12  Hatchery  
  16  1:13  Drone  
  16  1:18  Drone  
  17  1:27  Drone  
  18  1:39  Extractor  
  17  1:53  Spawning Pool  
  17  1:56  Drone  
  17  1:57  Drone  
  18  2:13  Drone  
  19  2:32  Overlord  
  19  2:42  Drone  
  20  3:00  Zergling x4  
  22  3:15  Queen  
  22  3:17  Queen  
  22  3:19  Drone x2  
  28  3:23  Zergling x4  
  30  3:42  Zergling x2  
  30  3:44  Drone  
  32  4:02  Drone  
  32  4:03  Drone  
  34  4:22  Metabolic Boost  
  34  4:28  Zergling x4  
  36  4:35  Overlord x2  
  36  4:49  Extractor, Overlord  
  35  4:55  Drone  
  36  5:16  Drone x4  
  36  5:17  Drone x3  
  43  5:27  Zergling x2  
  44  5:58  Drone x4  
  46  6:21  Drone x3  
  44  6:33  Drone  
  44  6:38  Drone  
  46  7:01  Lair  
  46  7:22  Extractor  
  45  7:37  Evolution Chamber  
  44  7:43  Evolution Chamber  
  43  7:52  Roach Warren  
  42  8:02  Drone x4  
  42  8:08  Zergling x4  
  42  8:09  Zergling x8  
  52  8:10  Zergling x8  
  52  8:11  Zergling x2  
  57  8:46  Hatchery  
  53  9:01  Overlord x4  
  53  9:02  Overlord  
  46  9:14  Roach x2  
  46  9:15  Roach  
  52  9:27  Roach x2  
  52  9:28  Roach x4  
  52  9:29  Roach  
  63  9:50  Roach x3  
  59  10:10  Roach  
  59  10:11  Roach  
  51  10:33  Roach  
  51  10:34  Roach x3  
  55  10:46  Roach x2  
  55  10:48  Zerg Melee Weapons Level 1  
  57  10:50  Zerg Missile Weapons Level 1  
  53  11:13  Roach  
  53  11:14  Roach x2  
  59  11:41  Roach x2  
  59  11:42  Roach  
  65  11:58  Extractor  
  65  12:18  Roach  
  65  12:19  Roach x5  
  77  12:33  Roach x3  
  89  12:45  Drone  
  89  12:46  Drone  
  92  13:01  Roach x2  
  92  13:08  Drone  
  92  13:09  Drone  
  98  13:17  Glial Reconstitution  
  98  13:56  Overlord  
  98  13:57  Overlord x3  
  98  14:24  Burrow  
  98  14:30  Roach x3  
  98  14:31  Roach x4  
  99  14:57  Roach x2  
  99  14:58  Roach x2  
  105  15:07  Tunneling Claws  
  103  15:38  Roach x5  
  85  16:13  Roach x4  
  85  16:14  Roach  
  89  16:32  Roach x2  
  89  16:39  Overseer  
  89  17:30  Roach  
  89  17:31  Roach x4  
  89  17:32  Roach x4  
  89  17:38  Queen  
  109  17:46  Queen  
  109  17:57  Roach x2  
  111  18:08  Queen  
  109  18:10  Roach x2  
  109  18:11  Roach x3  
  111  18:43  Roach x4  
  111  18:44  Roach x4  
Tags
 
Matchup
Co-op
Add a new tag
Caveats
  • Supply blocks, unpowered buildings, or Contaminate may cause inaccurate times.
  • Supply counts are checked every 10 seconds.